 Dungeon Crawl Stone Soup version 0.31-a0-255-g9c3d1c461a (webtiles) character file.

Game seed: 10499362471164193440

910 qw the Skirmisher (level 8, -7/48 HPs)
             Began as a Gargoyle Hexslinger on July 12, 2023.
             Was an Initiate of Okawaru.
             Killed by divine providence
             ... invoked by an orc priest
              (11 damage)
             ... on level 6 of the Dungeon.
             The game lasted 00:01:32 (3418 turns).

qw the Skirmisher (Gargoyle Hexslinger)             Turns: 3418, Time: 00:01:33

Health: -7/48      AC: 19    Str: 18    XL:     8   Next: 8%
Magic:  6/9        EV: 13    Int: 17    God:    Okawaru [......]
Gold:   28         SH:  5    Dex: 14    Spells: 8/9 levels left

rFire   . . .        p - +0 shortbow
rCold   x . .        (shield currently unavailable)
rNeg    + . .        g - +0 ring mail
rPois   inf          (no helmet)
rElec   +            b - scarf {repulsion}
rCorr   .            f - +2 pair of gloves
SInv    .            (no boots)
Will    ++...        e - amulet of reflection
Stlth   ++           c - ring of the Omega Point {rC- Will+ AC+4 Str+6 Int+3}
HPRegen 0.28/turn    k - ring of willpower
MPRegen 0.11/turn

%: repel missiles, reflection
@: heroic
A: sickness immunity, AC +5, negative energy resistance 1, electricity
resistance, torment resistance 1, petrification resistance
a: Renounce Religion


You were on level 6 of the Dungeon.
You worshipped Okawaru.
Okawaru was noncommittal.
You visited 1 branch of the dungeon, and saw 6 of its levels.

You collected 194 gold pieces.
You spent 166 gold pieces at shops.


Innate Abilities, Weirdness & Mutations

You are immune to sickness and miasma.
Your stone body is resilient. (AC +5)
You are immune to poison.
You resist negative energy. (rN+)
You are resistant to electric shocks. (rElec)
You are resistant to unholy torment.
You are immune to petrification.


   Skills:
 + Level 4.2(9.2) Fighting
 - Level 8.0(13.0) Ranged Weapons
 - Level 1.8(6.8) Armour
 - Level 1.5(6.5) Dodging
 - Level 1.0 Spellcasting
 - Level 2.6 Hexes
 - Level 0.8 Invocations


You had 8 spell levels left.
You knew the following spells:

 Your Spells              Type           Power      Damage    Failure   Level
a - Slow                  Hex            36%        N/A       12%         1

Your spell library contained the following spells:

 Spells                   Type           Power      Damage    Failure   Level
 Inner Flame              Hex/Fire       5%         N/A       52%         3
 Portal Projectile        Hex/Tloc       10%        N/A       52%         3
 Cause Fear               Hex            4%         N/A       75%         4

Inventory:

Hand Weapons
 p - a +0 shortbow (weapon)
Armour
 b - a scarf of repulsion (worn)
 f - a +2 pair of gloves (worn)
 g - a +0 ring mail (worn)
 m - a +2 pair of gloves
Jewellery
 c - the ring of the Omega Point (left hand) {rC- Will+ AC+4 Str+6 Int+3}
   (You found it on level 3 of the Dungeon)

   [ring of protection]

   AC:        It affects your AC (+4).
   Str:       It affects your strength (+6).
   Int:       It affects your intelligence (+3).
   rC:        It makes you vulnerable to cold.
   Will:      It increases your willpower.
 e - an amulet of reflection (around neck)
 i - a ring of wizardry
 k - a ring of willpower (right hand)
Scrolls
 a - 3 scrolls of identify
 l - a scroll of immolation {unknown}
 o - a scroll of brand weapon {unknown}
Potions
 d - a potion of curing {unknown}
 h - 3 potions of haste
 j - 2 potions of mutation
 n - a potion of enlightenment {unknown}

Dungeon Overview and Level Annotations

Branches:
Dungeon (6/15)             Temple (0/1) D:6

Altars:
Gozag
Okawaru
Ru
Trog
Wu Jian
Zin

Shops:
D:1 !   D:2 ?   D:6 *


Message History

The orc warrior hits you but does no damage.
You shoot an arrow.
The arrow barely misses the orc warrior.
The orc priest calls down the wrath of Beogh upon you.
Beogh smites you! The orc warrior misses you.
You shoot an arrow. The arrow hits the orc warrior.
The orc warrior is severely wounded.
The orc barely misses you.
The orc warrior hits you but does no damage.
You shoot an arrow. The arrow hits the orc warrior.
The orc warrior is almost dead.
The orc priest looks satisfied for a moment.
You block the orc warrior's attack. The orc hits you but does no damage.
You shoot an arrow.
The arrow hits the orc warrior but does no damage.
The orc warrior is almost dead.
The orc warrior hits you but does no damage.
You shoot an arrow. The arrow hits the orc warrior!
You kill the orc warrior!
Okawaru accepts your kill.
You can now gain great but temporary skills.
The orc hits you but does no damage.
Your Ranged Weapons skill increases to level 8!
You have reached level 8!
You feel stronger.
3414 ||| INVOKING Heroism.
You gain the combat prowess of a mighty hero.
You can no longer gain great but temporary skills.
The orc priest barely misses you. You block the orc's attack.
You shoot an arrow. The arrow hits the orc priest.
The orc priest is moderately wounded.
You shoot an arrow. The arrow barely misses the orc priest.
You block the orc priest's attack. The orc hits you but does no damage.
You shoot an arrow. The arrow hits the orc priest!
The orc priest is severely wounded.
The orc priest barely misses you. The orc hits you but does no damage.
You shoot an arrow.
The arrow completely misses the orc priest.
The orc priest invokes the aid of Beogh against you.
Beogh smites you!
You die...

#<.^.# ###....####
.# ..........#
.######
#####..##.######
....... #
##.##......#
.......
######.#######.#
.....
#~~.........##.#
...
#~~~.(......##.##.#
#~~~~.(.)_7.#...@o#
#~~~...(....#####o#
#~~~........# ...
#~~~........# o..#
#~..........# >..#
##########.## .#.#
####....#.# .#.#
##.........# ...#
##.###....##


You could see 2 orc priests and an orc.

Vanquished Creatures
  An orc warrior (D:6)
  3 ogres
  A black bear (D:5)
  A howler monkey (D:5)
  2 hounds (D:4)
  An orc priest (D:5)
  3 jellies
  A sleepcap (D:5)
  Jessica (D:3)
  An iguana (D:5)
  An orc wizard (D:5)
  7 adders
  An ufetubus (D:4)
  4 worms
  3 dart slugs
  10 orcs
  5 endoplasms
  2 giant cockroaches
  5 goblins
  5 hobgoblins
  6 jackals
  A quokka (D:4)
  3 ball pythons
  2 bats
  3 frilled lizards
  4 kobolds
  4 rats
81 creatures vanquished.

Notes
Turn   | Place    | Note
-------+----------+-------------------------------------------
     0 | D:1      | qw the Gargoyle Hexslinger began the quest for the Orb.
     0 | D:1      | Reached XP level 1. HP: 12/12 MP: 2/2
     0 | D:1      | 0 ||| qw: Version: 0.3-a-52-g30416fa
     0 | D:1      | 0 ||| qw: Game counter: 6654
     0 | D:1      | 0 ||| qw: Melee chars always use a shield: true
     0 | D:1      | 0 ||| qw: God list: Okawaru
     0 | D:1      | 0 ||| qw: Allow faded altars: false
     0 | D:1      | 0 ||| qw: Do Orc after clearing Dungeon:15 true
     0 | D:1      | 0 ||| qw: Do second Lair branch before Depths: true
     0 | D:1      | 0 ||| qw: Lair rune preference: random
     0 | D:1      | 0 ||| qw: Goals: Normal
     0 | D:1      | 0 ||| PLANNING D:1-11
   155 | D:1      | Found a faded altar of an unknown god.
   309 | D:1      | Found Ucsoaps's Distillery.
   314 | D:1      | 314 ||| SHOPLISTING 2 potions of cancellation (160 gold,
                  | have 23).
   314 | D:1      | 314 ||| SHOPLISTING potion of curing (30 gold, have 23).
   314 | D:1      | 314 ||| SHOPLISTING potion of enlightenment (50 gold, have
                  | 23).
   314 | D:1      | 314 ||| SHOPLISTING potion of haste (100 gold, have 23).
   314 | D:1      | 314 ||| SHOPLISTING potion of might (40 gold, have 23).
   314 | D:1      | 314 ||| SHOPLISTING potion of mutation (80 gold, have 23).
   347 | D:1      | Reached XP level 2. HP: 16/16 MP: 3/3
   629 | D:1      | 629 ||| UPGRADING to +0 ring mail.
   639 | D:1      | 639 ||| DROPPING +0 robe.
   640 | D:1      | 640 ||| UPGRADING to amulet of reflection.
   645 | D:1      | 645 ||| READING scroll labelled PACICA KIRYA.
   646 | D:1      | 646 ||| DRINKING 3 fizzy coppery potions.
   647 | D:1      | 647 ||| DROPPING scroll of poison.
   712 | D:2      | Reached skill level 3 in Ranged Weapons
   725 | D:2      | Reached XP level 3. HP: 18/21 MP: 4/4
   857 | D:2      | Found Yvvinara's Magic Scroll Emporium.
   862 | D:2      | 862 ||| BUYING scroll of identify (22 gold).
   862 | D:2      | Bought a scroll of identify for 22 gold pieces
   862 | D:2      | 862 ||| SHOPLISTING scroll of identify (22 gold, have 2).
   976 | D:2      | 976 ||| SWAPPING to +0 sling of freezing.
   977 | D:2      | 977 ||| DROPPING +1 sling.
  1355 | D:2      | 1355 ||| UPGRADING to scarf of repulsion.
  1360 | D:2      | 1360 ||| READING scroll labelled KEWOHIEWN BIEM.
  1361 | D:2      | 1361 ||| DRINKING 2 viscous cyan potions.
  1362 | D:2      | 1362 ||| READING 4 scrolls of identify.
  1362 | D:2      | 1362 ||| IDENTIFYING fizzy silvery potion
  1363 | D:2      | 1363 ||| READING 3 scrolls of identify.
  1363 | D:2      | 1363 ||| IDENTIFYING amethyst potion
  1364 | D:2      | 1364 ||| READING 2 scrolls of identify.
  1364 | D:2      | 1364 ||| IDENTIFYING fuming golden potion
  1365 | D:2      | 1365 ||| DROPPING potion of ambrosia.
  1366 | D:2      | 1366 ||| DROPPING potion of attraction.
  1367 | D:2      | 1367 ||| DROPPING potion of berserk rage.
  1546 | D:3      | Reached XP level 4. HP: 26/26 MP: 5/5
  1563 | D:3      | Reached skill level 4 in Ranged Weapons
  1611 | D:3      | Identified the ring of the Omega Point {rC- Will+ AC+4
                  | Str+6 Int+3}
  1635 | D:3      | Noticed Jessica
  1644 | D:3      | Killed Jessica
  1645 | D:3      | Reached skill level 1 in Armour
  1743 | D:3      | Found a bloodstained altar of Trog.
  1798 | D:3      | Found an iron altar of Okawaru.
  1799 | D:3      | 1799 ||| PLANNING OKAWARU WORSHIP
  1799 | D:3      | 1799 ||| UPGRADING to ring of the Omega Point {rC- Will+
                  | AC+4 Str+6 Int+3}.
  1800 | D:3      | 1800 ||| READING 2 scrolls of identify.
  1800 | D:3      | 1800 ||| IDENTIFYING yellow potion
  1801 | D:3      | 1801 ||| DROPPING potion of degeneration.
  1809 | D:3      | Became a worshipper of Warmaster Okawaru
  1810 | D:3      | 1810 ||| PLANNING D:1-11
  1923 | D:4      | Noticed an ogre
  1932 | D:4      | Killed an ogre
  1933 | D:4      | Reached skill level 5 in Ranged Weapons
  1933 | D:4      | Reached XP level 5. HP: 21/30 MP: 6/6
  2133 | D:4      | Reached skill level 3 in Fighting
  2133 | D:4      | Reached XP level 6. HP: 37/37 MP: 7/7
  2165 | D:4      | Reached * piety under Okawaru
  2166 | D:4      | 2166 ||| INVOKING Heroism.
  2259 | D:4      | Reached skill level 6 in Ranged Weapons
  2480 | D:4      | Reached XP level 7. HP: 42/42 MP: 8/8
  2513 | D:4      | Found a glowing silver altar of Zin.
  2576 | D:4      | Found a sacrificial altar of Ru.
  2579 | D:4      | 2579 ||| READING scroll labelled WUENWERIUD QAOPH.
  2580 | D:4      | 2580 ||| READING scroll labelled PYHETYQ MIGE.
  2581 | D:4      | 2581 ||| DRINKING 2 bubbling blue potions.
  2582 | D:4      | 2582 ||| READING 3 scrolls of identify.
  2582 | D:4      | 2582 ||| IDENTIFYING orange potion
  2583 | D:4      | 2583 ||| DROPPING potion of lignification.
  2608 | D:5      | Entered Level 5 of the Dungeon
  2615 | D:5      | 2615 ||| INVOKING Heroism.
  2637 | D:5      | 2637 ||| INVOKING Heroism.
  2646 | D:5      | HP: 10/43 [black bear (2)]
  2647 | D:5      | 2647 ||| DRINKING potion of heal wounds.
  2648 | D:5      | 2648 ||| INVOKING Heroism.
  2656 | D:5      | Reached skill level 7 in Ranged Weapons
  2660 | D:5      | 2660 ||| INVOKING Heroism.
  2739 | D:5      | Found an opulent altar of Gozag.
  3116 | D:5      | 3116 ||| UPGRADING to +2 pair of gloves.
  3121 | D:5      | 3121 ||| UPGRADING to ring of willpower.
  3122 | D:5      | 3122 ||| READING scroll labelled TUNLOEXT FOCE.
  3156 | D:5      | 3156 ||| READING scroll labelled AJUTIBB OGIUJ.
  3174 | D:6      | Found Sobiaxkits's Assorted Antiques.
  3188 | D:6      | 3188 ||| BUYING cyan potion (18 gold).
  3188 | D:6      | Bought a cyan potion for 18 gold pieces
  3188 | D:6      | 3188 ||| BUYING knobbly silver ring (105 gold).
  3188 | D:6      | Bought a knobbly silver ring for 105 gold pieces
  3188 | D:6      | 3188 ||| BUYING scroll labelled APPU QAHEWOTY (21 gold).
  3188 | D:6      | Bought a scroll labelled APPU QAHEWOTY for 21 gold pieces
  3188 | D:6      | 3188 ||| SHOPLISTING scroll labelled ATODWO UZXEI (21 gold,
                  | have 12).
  3188 | D:6      | 3188 ||| SHOPLISTING scroll labelled IPACVA DONU (21 gold,
                  | have 12).
  3188 | D:6      | 3188 ||| SHOPLISTING scroll labelled PIPYOPS IVAIV (21
                  | gold, have 12).
  3331 | D:6      | 3331 ||| SWAPPING to +0 shortbow.
  3332 | D:6      | 3332 ||| DROPPING +1 sling of freezing.
  3340 | D:6      | Found a staircase to the Ecumenical Temple.
  3366 | D:6      | Found an ornate altar of the Wu Jian Council.
  3396 | D:6      | 3396 ||| INVOKING Heroism.
  3409 | D:6      | HP: 1/43 [orc priest/divine providence (11)]
  3414 | D:6      | Reached skill level 8 in Ranged Weapons
  3414 | D:6      | Reached XP level 8. HP: 2/48 MP: 7/9
  3414 | D:6      | 3414 ||| INVOKING Heroism.
  3418 | D:6      | Killed from afar by an orc priest

Levels and vault maps discovered:
D:1:      onia_arrival_pyramid, layout_basic,
          shapermc_ecumenical_altar_acropolis, serial_shops,
          nicolae_shop_hallway_plus, nrook_campfire, roderic_lattice_a
D:2:      layout_basic, serial_shops, nicolae_shop_trees, serial_corexii_hall,
          corexii_hall_statues_i, corexii_hall_statues_i, st_stairs_4
D:3:      layout_rooms, mainiacjoe_overflow_boulevard, okawaru_trees_1,
          kennysheep_pointless_box, uniq_jessica
D:4:      layout_basic, kennysheep_mini, kennysheep_little_box
D:5:      layout_cave_pools, mainiacjoe_overflow_catwalk, serial_column_ruins,
          column_ruins_hut, column_ruins_hut_pillars, column_ruins_open_tiny,
          column_ruins_open_tiny_water, column_ruins_grid_3,
          column_ruins_grid_3, column_ruins_grid_2
D:6:      layout_basic, nzn_wu_jian_contemplation, kennysheep_mini_moat,
          minmay_temple_entry_crystal_x, serial_shops, shop

Skill      XL: |  1  2  3  4  5  6  7 |
---------------+----------------------+-----
Ranged Weapons | 3 5 6 8 |  8.0
Fighting       | 2 3 4 |  4.2
Armour         | 1 |  1.8
Dodging        | |  1.5
Spellcasting   | |  1.0
Hexes          | |  2.6
Invocations    | |  0.8

Action                     |  1- 3 |  4- 6 |  7- 9 || total
---------------------------+-------+-------+-------++-------
   Fire: Sling             |   107 |   142 |    61 ||   310
         Shortbow          |       |       |    21 ||    21
 Invoke: Heroism           |       |     1 |     6 ||     7
    Use: Scroll            |     5 |     1 |     5 ||    11
         Potion            |     2 |       |     2 ||     4
 Armour: Ring mail         |    21 |    35 |    52 ||   108
         Robe              |     2 |       |       ||     2
  Dodge: Dodged            |    27 |    42 |    53 ||   122
         Repelled          |       |       |     1 ||     1
  Block: Other             |    10 |    17 |    24 ||    51

Table legend:
 A = Non-vault XP
 B = Vault XP
 C = Vault XP percentage of total XP
 D = Non-vault monster count
 E = Vault monster count
 F = Vault count percentage of total count
                 A         B        C        D         E       F
            +---------+---------+-------+---------+---------+-------
      Total |    1249 |      52 |   4.0 |      78 |       3 |   3.7
            +---------+---------+-------+---------+---------+-------
        D:1 |      16 |       0 |   0.0 |       9 |       0 |   0.0
        D:2 |      49 |      15 |  23.4 |      16 |       2 |  11.1
        D:3 |      29 |      37 |  56.1 |      11 |       1 |   8.3
        D:4 |     474 |       0 |   0.0 |      25 |       0 |   0.0
        D:5 |     506 |       0 |   0.0 |      14 |       0 |   0.0
        D:6 |     175 |       0 |   0.0 |       3 |       0 |   0.0
            +---------+---------+-------+---------+---------+-------
